 Dungeon Crawl Stone Soup version 0.28-a0-589-g333b8329f1 (webtiles) character file.

Game seed: 4193039959493954698

35 Demosthentine the Poker (level 3, 0/28 HPs)
             Began as a Merfolk Gladiator on Oct 4, 2021.
             Killed from afar by Sigmund (4 damage)
             ... with a magic dart
             ... on level 2 of the Dungeon.
             The game lasted 00:00:58 (1002 turns).

Demosthentine the Poker (Merfolk Gladiator)         Turns: 1002, Time: 00:00:58

Health: 0/28       AC:  3    Str: 15    XL:     3   Next: 35%
Magic:  3/3        EV: 13    Int:  7    God:
Gold:   57         SH:  0    Dex: 15    Spells: 2/2 levels left

rFire   . . .      SeeInvis .   a - +0 trident
rCold   . . .      Faith    .   (no shield)
rNeg    . . .      Spirit   .   b - +0 leather armour
rPois   .          Reflect  .   (helmet restricted)
rElec   .          Harm     .   (no cloak)
rCorr   .          Rampage  .   (no gloves)
Will    .....                   (no boots)
Stlth   ++........              (no amulet)
HPRegen 0.09/turn               (no ring)
MPRegen 0.08/turn               (no ring)

@: no status effects
A: (nimble swimmer 2), mertail, antennae 1, camouflage 1, sense surroundings 1
a: no special abilities


You were on level 2 of the Dungeon.
You visited 1 branch of the dungeon, and saw 2 of its levels.

You collected 57 gold pieces.

Inventory:

Hand Weapons
 a - a +0 trident (weapon)
Armour
 b - a +0 leather armour (worn)
 c - a +0 helmet
Scrolls
 e - a scroll of identify
Potions
 g - a potion of resistance


   Skills:
 + Level 2.7 Fighting
 + Level 4.9 Polearms
 - Level 2.0 Throwing
 + Level 0.8 Armour
 + Level 4.5 Dodging


You had 2 spell levels left.
You didn't know any spells.
Your spell library was empty.

Dungeon Overview and Level Annotations

Branches:
Dungeon (2/15)

Altars:

Annotations:
D:2 Sigmund


Innate Abilities, Weirdness & Mutations

((You are quick and stealthy near water. (Stealth+, EV+, Speed+++)))
Your lower body shifts to a powerful aquatic tail in water.
You have a pair of small antennae on your head.
Your skin changes colour to match your surroundings (Stealth+).
You passively map a small area around you.


Message History

You are too confused!
You are too confused!
You are too confused!
You are too confused!
You bump into the rock wall.
Sigmund points at you and mumbles some strange words.
The magic dart hits you!
Sigmund struggles against the net.
You bump into the rock wall.
You bump into the rock wall.
Sigmund struggles against the net.
You feel less confused.
Sigmund says, "Your kind have come here before.
I understand now why.
You desire death..."
Sigmund struggles against the net.
You hit Sigmund.
Sigmund is lightly wounded.
Sigmund points at you and mumbles some strange words.
The magic dart hits you!
Sigmund struggles against the net.
You hit Sigmund.
Sigmund is moderately wounded.
You puncture Sigmund!
Sigmund is heavily wounded.
Sigmund casts a spell at you. The magic dart hits you!
* * * LOW HITPOINT WARNING * * *
Sigmund struggles against the net.
The net rips apart, and Sigmund comes free!
Unknown command.
Throw: 2 throwing nets
Press: ? - help, Q - select action Shift-Dir - straight line, f/p - Sigmund
Aim: Sigmund, wielding a +0 scythe of distortion and wearing a +0 robe (heavily wounded, 57% to hit)
You throw a throwing net.
The throwing net closely misses Sigmund.
Throw: throwing net
Press: ? - help, Q - select action Shift-Dir - straight line, f/p - Sigmund
Aim: Sigmund, wielding a +0 scythe of distortion and wearing a +0 robe (heavily wounded, 57% to hit)
You throw a throwing net. The throwing net hits Sigmund.
Sigmund is caught in the net!
Sigmund is heavily wounded.
Sigmund gestures at you while chanting. The magic dart hits you.
You die...

#.#####.#.........
#(# ##...#.#####
#.# ##.........
#.# #..........
#.# #..########
#.# #..# . #.#
#..# ## #@# #..# #
#@######..#####.
#...............
################ ,
,


You could see Sigmund (caught).

Vanquished Creatures
  An adder (D:2)
  A dart slug (D:2)
  A bat (D:1)
  2 endoplasms (D:1)
  2 goblins
  3 hobgoblins (D:2)
  2 quokkas
  3 ball pythons
  4 frilled lizards
  A kobold (D:1)
  6 rats
26 creatures vanquished.

Notes
Turn   | Place    | Note
-------+----------+-------------------------------------------
     0 | D:1      | Demosthentine the Merfolk Gladiator began the quest for the
                  | Orb.
     0 | D:1      | Reached XP level 1. HP: 16/16 MP: 1/1
   129 | D:1      | Reached XP level 2. HP: 23/23 MP: 2/2
   131 | D:1      | Found a faded altar of an unknown god.
   783 | D:2      | Reached XP level 3. HP: 19/28 MP: 3/3
   989 | D:2      | Noticed Sigmund
   993 | D:2      | Gained mutation: Your skin changes colour to match your
                  | surroundings (Stealth+). [potion of mutation]
   993 | D:2      | Gained mutation: You have a pair of small antennae on your
                  | head. [potion of mutation]
   993 | D:2      | Gained mutation: You passively map a small area around you.
                  | [potion of mutation]
  1002 | D:2      | Killed from afar by Sigmund

Illustrated notes

Levels and vault maps discovered:
D:1:      beargit_arrival_diablo_church, layout_basic, basic_ecumenical_altar,
          minivault_24
D:2:      layout_loops_ring, uniq_sigmund

Action                   || total
-------------------------++-------
Melee: Trident           ||    82
Throw: Throwing net      ||     3
  Use: Scroll            ||     3
       Potion            ||     1
 Stab: Sleeping          ||     1
Armor: Leather armour    ||    10
Dodge: Dodged            ||    41

Table legend: (Time is in decaauts)
 A = Elapsed time spent in this place.
 B = Non-inter-level travel time spent in this place.
 C = Inter-level travel time spent in this place.
 D = Time resting spent in this place.
 E = Time spent auto-exploring this place.
 F = Levels seen in this place.
 G = Mean time per level.
                   A        B        C        D        E       F      G
               +--------+--------+--------+--------+--------+-----+--------+
         Total |   1006 |    984 |     22 |      0 |    814 |   2 |  503.0 |
       Dungeon |   1006 |    984 |     22 |      0 |    814 |   2 |  503.0 |
               +--------+--------+--------+--------+--------+-----+--------+

Top non-repeatable levels by time:
     D:1: 711 daAuts
     D:2: 295 daAuts
